 Dungeon Crawl Stone Soup version 0.25.1-2-g60ff931df9 (webtiles) character file.

Game seed: 14823129872371555044

259 DogServant the Slasher (level 6, 0/48 HPs)
             Began as a Merfolk Gladiator on Nov 8, 2020.
             Succumbed to an orc's poison
             ... on level 3 of the Dungeon.
             The game lasted 00:02:42 (2661 turns).

DogServant the Slasher (Merfolk Gladiator)          Turns: 2661, Time: 00:02:43

Health: 0/48       AC:  3    Str: 16    XL:     6   Next: 17%
Magic:  6/6        EV: 15    Int:  8    God:
Gold:   132        SH:  0    Dex: 17    Spells: 5/5 levels left

rFire    . . .     SeeInvis .   a - +0 long sword
rCold    . . .     Gourm    .   (no shield)
rNeg     . . .     Faith    .   b - +0 leather armour
rPois    .         Spirit   .   (helmet restricted)
rElec    .         Reflect  .   (no cloak)
rCorr    .         Harm     .   (no gloves)
MR       .....                  (no boots)
Stlth    +.........             (no amulet)
HPRegen  0.00/turn              (no ring)
MPRegen  0.10/turn              (no ring)

@: lethally poisoned (0 -> -22)
A: change form in water, swift swim, stealthy swim, antennae 1, agile 1,
inhibited regeneration
a: no special abilities


You were on level 3 of the Dungeon.
You were not hungry.

You visited 1 branch of the dungeon, and saw 3 of its levels.

You collected 132 gold pieces.

Inventory:

Hand Weapons
 a - a +0 long sword (weapon)
Missiles
 d - 3 throwing nets
 q - 6 poisoned darts (quivered)
Armour
 b - a +0 leather armour (worn)
 c - a +0 helmet
Wands
 k - a wand of paralysis (4)
Scrolls
 e - 3 scrolls of identify
 h - a scroll of magic mapping
 o - a scroll of teleportation {unknown}
 p - a scroll of random uselessness {unknown}
 r - a scroll of enchant armour {unknown}
 s - a scroll of noise {unknown}
 t - a scroll of blinking {unknown}
Potions
 g - a potion of might
 l - a potion of mutation
Comestibles
 f - 7 rations
 u - 6 chunks of flesh


   Skills:
 + Level 3.8 Fighting
 * Level 5.7 Long Blades
 - Level 2.0 Throwing
 + Level 5.6 Dodging


You had 5 spell levels left.
You didn't know any spells.
Your spell library was empty.

Dungeon Overview and Level Annotations

Branches:
Dungeon (3/15)

Altars:
Elyvilon
Okawaru
Qazlal
Sif Muna

Annotations:
D:3 1 runed translucent door, Exporg's ghost, amateur GnSk


Innate Abilities, Weirdness & Mutations

You revert to your normal form in water.
You are very nimble and swift while swimming.
You are very stealthy in the water. (Stealth+)
You have a pair of small antennae on your head.
You are agile. (Dex +2)
You do not regenerate when monsters are visible.


Message History

* * * LOW HITPOINT WARNING * * *
You are more poisoned.
The orc hits you.
* * * LOW HITPOINT WARNING * * *
The orc closely misses you. The orc completely misses you.
You riposte.
You barely miss the orc.
The orc priest looks satisfied for a moment.
Okay, then.
As you read the scroll labeled ENI PA PEACWE, it crumbles to dust.
The creatures around you are filled with an inner flame!
It was a scroll of immolation.
* * * LOW HITPOINT WARNING * * *
You feel sick. The orc closely misses you. The orc barely misses you.
The orc closely misses you. The orc priest hits you.
* * * LOW HITPOINT WARNING * * *
The orc misses you.
Okay, then.
As you read the scroll labeled GEG VAANLERPH, it crumbles to dust.
You feel blessed for a moment.
It was a scroll of remove curse.
You die...

. #### ... .. .#.♣#
#..##.. .+[8#
########....... .#W♣
#..............
##########.......w_8_.#
###..............§§...#
....######.....ooo....#
.#### #....§o@o§# .#
####....§§§§§#
.######.......§§§§§#
..##........>......#
<..#...............#
.#.................#
.#........##########
.#................
.........#....###


You could see a worm, an orc priest (inner flame) and 4 orcs.

Vanquished Creatures
  An ogre (D:3)
  A crimson imp (D:2)
  An orc wizard (D:3)
  5 adders
  An ooze (D:2)
  2 worms (D:2)
  2 dart slugs
  4 leopard geckos (D:1)
  2 orcs (D:3)
  2 giant cockroaches
  7 hobgoblins
  A ball python (D:1)
  3 bats
  3 frilled lizards
  11 goblins
  10 kobolds
  4 rats
60 creatures vanquished.

Notes
Turn   | Place    | Note
-------+----------+-------------------------------------------
     0 | D:1      | DogServant the Merfolk Gladiator began the quest for the
                  | Orb.
     0 | D:1      | Reached XP level 1. HP: 16/16 MP: 1/1
    61 | D:1      | Reached XP level 2. HP: 19/23 MP: 2/2
   736 | D:1      | Reached XP level 3. HP: 26/28 MP: 3/3
  1089 | D:2      | Reached XP level 4. HP: 30/35 MP: 4/4
  1267 | D:2      | Found a white marble altar of Elyvilon.
  1375 | D:2      | Found a stormy altar of Qazlal.
  1500 | D:2      | You fall into a shaft and drop 1 floor!
  1523 | D:3      | Reached skill level 5 in Dodging
  1638 | D:3      | Found a runed translucent door.
  1639 | D:3      | Noticed Exporg's ghost (amateur GnSk)
  1697 | D:3      | Reached XP level 5. HP: 21/41 MP: 5/5
  2093 | D:2      | Reached skill level 5 in Long Blades
  2593 | D:3      | Noticed an ogre
  2613 | D:3      | Killed an ogre
  2613 | D:3      | Reached XP level 6. HP: 48/48 MP: 6/6
  2632 | D:3      | Found a shimmering blue altar of Sif Muna.
  2647 | D:3      | Found an iron altar of Okawaru.
  2654 | D:3      | Gained mutation: You do not regenerate when monsters are
                  | visible. [potion of mutation]
  2654 | D:3      | Gained mutation: You are agile. (Dex +2) [potion of
                  | mutation]
  2654 | D:3      | Gained mutation: You have a pair of small antennae on your
                  | head. [potion of mutation]
  2660 | D:3      | HP: 1/48 [orc priest (3)]
  2661 | D:3      | Succumbed to an orc's poison

Illustrated notes

Levels and vault maps discovered:
D:1:      minmay_arrival_arboretum_small, layout_basic
D:2:      layout_rooms, elyvilon_altar_3, overflow_temple_1_default,
          minmay_pentomino_t2
D:3:      layout_rooms, chequers_temple_overflow_statue_of_worship,
          gammafunk_ghost_grave, fedhas_altar_1

Skill      XL: |  1  2  3  4  5 |
---------------+----------------+-----
Long Blades    | 4 5 |  5.7
Fighting       | 3 |  3.8
Dodging        | 5 |  5.6
Throwing       | |  2.0

Action                   |  1- 3 |  4- 6 || total
-------------------------+-------+-------++-------
Melee: Long sword        |    71 |    95 ||   166
Throw: Dart              |       |     6 ||     6
  Use: Scroll            |       |     4 ||     4
       Potion            |       |     2 ||     2
 Stab: Distracted        |       |     1 ||     1
       Sleeping          |       |     1 ||     1
  Eat: Chunk             |       |     6 ||     6
Armor: Leather armour    |    24 |    24 ||    48
Dodge: Dodged            |    66 |    99 ||   165
       Rpst.: Long sword |    24 |    29 ||    53
